[Event "Team 45 45 League T49"]
[Site "Internet Chess Club"]
[Date "2011.05.15"]
[Round "1"]
[White "oldsj"]
[Black "Berke"]
[Result "1-0"]
[WhiteElo "1630"]
[BlackElo "1601"]
[Opening "Caro-Kann: Panov-Botvinnik attack"]
[ECO "B13"]
[Time "09:00:29"]
[TimeControl "2700+45"]

1. e4 c6 2. d4 d5 3. exd5 cxd5 4. c4 dxc4 5. Bxc4 e6 6. Nf3 Nf6 7. O-O Bd6 8.
Nc3 O-O 9. Re1 Qc7 10. Bb3 a6 11. Bg5 Nbd7 12. h3 b5 13. Rc1 Qb6 14. Be3 Qd8 15.
d5 Nb6 16. dxe6 Bxe6 17. Bxe6 fxe6 18. Bd4 Nbd5 19. Ng5 Nxc3 20. Bxc3 Re8 21.
Nxe6 Rxe6 22. Rxe6 Be7 23. Qe1 Ra7 24. Rd1 Qf8 25. Bxf6 gxf6 26. Qe3 Bc5 27.
Qg3+ Kf7 28. Rde1 Rd7 29. Qb3 Kg7 30. Re8 Qf7 31. Qg3+ Qg6 32. Qb3 Kh6 33. Qf3
Rg7 34. R1e4 Qg5 35. Qf4 Qxf4 36. Rxf4 Kg5 37. Rg4+ Kh6 38. Rh4+ Kg6 39. Rg4+
Kf7 40. Rxg7+ Kxg7 {Black resigns} 1-0

[Event "Team 45 45 League T49"]
[Site "Internet Chess Club"]
[Date "2011.05.17"]
[Round "1"]
[White "Barie"]
[Black "stan-beers"]
[Result "1/2-1/2"]
[WhiteElo "1336"]
[BlackElo "1508"]
[Opening "English, 1...Nf6 (Anglo-Indian defense)"]
[ECO "A15"]
[Time "18:02:24"]
[TimeControl "2700+45"]

1. c4 Nf6 2. g3 e6 3. Bg2 c5 4. Nc3 d5 5. cxd5 exd5 6. e3 Nc6 7. Nge2 Bg4 8. d4
c4 9. a3 Be7 10. O-O O-O 11. b3 Na5 12. bxc4 Nxc4 13. a4 Bb4 14. f3 Bh5 15. Rb1
Qe7 16. Qd3 a6 17. Nf4 Bxc3 18. Qxc3 Rac8 19. Qb3 b6 20. Re1 Qd7 21. Nxh5 Nxh5
22. Qd3 Qxa4 23. Re2 Qc6 24. e4 dxe4 25. Rxe4 Nf6 26. Rh4 g6 27. f4 Qe6 28. Bh3
Qe1+ 29. Bf1 b5 30. Bd2 Qxd2 31. Qf3 Qe3+ 32. Qxe3 Nxe3 33. Bh3 Rb8 34. g4 Nc2
35. g5 Nh5 36. f5 Ng3 37. hxg3 Nxd4 38. Rxd4 a5 39. Rd5 b4 40. Rxa5 Rfd8 41.
fxg6 hxg6 42. Bf1 Rd4 43. Ra4 Re4 44. Kh2 Rd4 45. Be2 Rd2 46. Re1 b3 47. Kh3 b2
48. Bb5 Rd5 49. Bc6 Rxg5 50. Ra8 Rxa8 51. Bxa8 Rb5 52. Rb1 Kg7 53. Kg2 g5 54. g4
Rb4 55. Bf3 Kf6 56. Kf2 Ke5 57. Ke3 f6 58. Kd3 Kf4 59. Be2 f5 60. gxf5 Kxf5 61.
Kc2 Kf4 62. Rxb2 Rxb2+ 63. Kxb2 Ke3 64. Bg4 Kf4 65. Be6 g4 66. Kc2 g3 67. Bd5
Ke3 68. Kd1 Kf2 69. Be4 g2 70. Bxg2 {Game drawn because neither player has
mating material} 1/2-1/2

[Event "Team 45 45 League T49"]
[Site "Internet Chess Club"]
[Date "2011.05.15"]
[Round "1"]
[White "Risto"]
[Black "tamky70"]
[Result "1-0"]
[WhiteElo "1303"]
[BlackElo "1360"]
[Opening "Pirc: classical (two knights) system"]
[ECO "B08"]
[Time "13:24:53"]
[TimeControl "2700+45"]

1. e4 d6 2. d4 Nf6 3. Nc3 g6 4. Nf3 Bg7 5. Bc4 O-O 6. O-O Nc6 7. Be3 e5 8. Qd2
Bg4 9. Be2 Bxf3 10. Bxf3 Na5 11. b3 Nc6 12. dxe5 Nxe5 13. Be2 Nfg4 14. Bxg4 Nxg4
15. Bd4 Ne5 16. f4 c5 17. Bxe5 dxe5 18. Nd5 exf4 19. Rad1 Bh6 20. Qc3 Bg7 21.
Qd2 Be5 22. Qf2 Bd4 23. Rxd4 cxd4 24. Qxf4 Rc8 25. Nf6+ Kg7 26. Ng4 Rc6 27. Qh6+
Kg8 28. Qd2 Qb6 29. e5 Rxc2 30. Qh6 d3+ 31. Kh1 d2 32. Nf6+ {Black resigns} 1-0

[Event "Team 45 45 League T49"]
[Site "Internet Chess Club"]
[Date "2011.05.18"]
[Round "1"]
[White "Elalfer"]
[Black "Fogbound"]
[Result "1-0"]
[WhiteElo "1349"]
[BlackElo "1333"]
[Opening "Dutch with c4 & Nc3"]
[ECO "A85"]
[Time "14:30:14"]
[TimeControl "2700+45"]

1. d4 f5 2. c4 Nf6 3. Nc3 e6 4. Nf3 Be7 5. e3 c6 6. Be2 O-O 7. O-O d5 8. c5 Nbd7
9. b4 Ne4 10. Qc2 Ndf6 11. b5 Bd7 12. a4 Nxc3 13. Qxc3 Ne4 14. Qc2 Rf6 15. Ne5
Rh6 16. Bd2 Qb8 17. f3 Nxd2 18. Qxd2 Qc7 19. Rfb1 Bf6 20. b6 axb6 21. cxb6 Qb8
22. f4 Qd8 23. a5 Bxe5 24. fxe5 Qh4 25. h3 Qg5 26. a6 Rxh3 27. axb7 Re8 28. Ra8
Rg3 29. Bf3 Rxf3 30. Rxe8+ Bxe8 31. b8=Q Kf7 32. Qc7+ Kg6 33. Rf1 Rxe3 34. Rf3
Rxf3 35. Qxg5+ Kxg5 36. gxf3 Bg6 37. Qxg7 Kf4 38. Kf2 Kg5 39. b7 {Black resigns}
1-0

[Event "Team 45 45 League T49"]
[Site "Internet Chess Club"]
[Date "2011.05.14"]
[Round "1"]
[White "mongmong"]
[Black "badmove"]
[Result "1/2-1/2"]
[WhiteElo "1655"]
[BlackElo "1731"]
[Opening "Dutch"]
[ECO "A80"]
[Time "13:00:53"]
[TimeControl "2700+45"]

1. d4 f5 2. Nf3 Nf6 3. e3 d6 4. Bd3 g6 5. Nbd2 Bg7 6. c3 O-O 7. O-O c6 8. Qb3+
d5 9. c4 h6 10. Ne5 Kh7 11. e4 Nxe4 12. cxd5 Nxd2 13. Bxd2 cxd5 14. Rac1 Bxe5
15. dxe5 Nc6 16. f4 e6 17. Rc5 Qb6 18. Qa3 Kg7 19. Kh1 Qd8 20. Rfc1 Bd7 21. Qb3
Rc8 22. Qxb7 Rb8 23. Qa6 Rxb2 24. Bc3 Rb6 25. Qa3 Qe7 26. Ba5 Nxa5 27. Qxa5 Rfb8
28. Qxa7 Qxc5 29. Qxd7+ Kf8 30. Rg1 Qe7 31. Qa4 Qb4 32. Qd7 Qe7 33. Qa4 Rb2 34.
g3 Qb7 35. Qa3+ Kf7 36. Bf1 Qb4 37. Qa6 Qe4+ 38. Bg2 Qe3 39. Qd6 Qc3 40. Qd7+
Kf8 41. Qd6+ {Game drawn by mutual agreement} 1/2-1/2

[Event "Team 45 45 League T49"]
[Site "Internet Chess Club"]
[Date "2011.05.13"]
[Round "1"]
[White "drsigmund1"]
[Black "seattleblues"]
[Result "0-1"]
[WhiteElo "1418"]
[BlackElo "1424"]
[Opening "French defense"]
[ECO "C00"]
[Time "22:00:30"]
[TimeControl "2700+45"]

1. e4 e6 2. Nf3 d5 3. exd5 exd5 4. d4 Bd6 5. h3 Ne7 6. Bd3 O-O 7. O-O Bf5 8. Bg5
f6 9. Be3 Bxd3 10. Qxd3 Nd7 11. Nbd2 Ng6 12. c4 c6 13. cxd5 cxd5 14. Nb3 Rc8 15.
Rac1 Qe7 16. Qb5 Nb6 17. a4 Qd7 18. Qxd7 Nxd7 19. Nc5 Nb6 20. Nxb7 Bf4 21. Rxc8
Rxc8 22. a5 Nc4 23. Rc1 Rb8 24. a6 Nxe3 25. g3 Bh6 26. g4 Nxg4 27. Rc7 Bf4 28.
Rd7 Nh6 29. Rd8+ Rxd8 30. Nxd8 Ne7 31. b4 Bc7 32. Ne6 Bb6 33. b5 Nhf5 34. Nc5
Nd6 35. Nd7 Nxb5 36. Nxb6 axb6 37. Nd2 Nc6 38. Nb3 Nb4 {White resigns} 0-1

[Event "Team 45 45 League T49"]
[Site "Internet Chess Club"]
[Date "2011.05.16"]
[Round "1"]
[White "MichaelJames"]
[Black "dabodhi"]
[Result "1-0"]
[WhiteElo "1397"]
[BlackElo "1188"]
[Opening "Ruy Lopez: Marshall, main line, 14...Qh3"]
[ECO "C89"]
[Time "20:00:11"]
[TimeControl "2700+45"]

1. e4 e5 2. Nf3 Nc6 3. Bb5 a6 4. Ba4 Nf6 5. O-O Be7 6. Re1 b5 7. Bb3 O-O 8. c3
d5 9. exd5 Nxd5 10. Nxe5 Nxe5 11. Rxe5 c6 12. d4 Bd6 13. Re1 Qh4 14. g3 Qh3 15.
Re4 Qd7 16. Bxd5 cxd5 17. Rh4 Be7 18. Rh5 g6 19. Re5 Re8 20. Re1 Qh3 21. Qf3 Be6
22. Qg2 Qg4 23. Nd2 Bd6 24. Nb3 Bf5 25. Bf4 Be4 26. Rxe4 Rxe4 27. Bxd6 Rae8 28.
Nd2 Re1+ 29. Rxe1 Rxe1+ 30. Nf1 Qe2 31. f4 Qe3+ 32. Qf2 Qc1 33. Kg2 Qd1 34. Kg1
Re2 35. Qf3 Qe1 36. Ba3 Re3 37. Qxe3 Qxe3+ 38. Nxe3 {Black resigns} 1-0

[Event "Team 45 45 League T49"]
[Site "Internet Chess Club"]
[Date "2011.05.15"]
[Round "1"]
[White "sockmonkey"]
[Black "Conjurer"]
[Result "0-1"]
[WhiteElo "1095"]
[BlackElo "1337"]
[Opening "Queen's pawn: Torre attack"]
[ECO "A46"]
[Time "14:07:41"]
[TimeControl "2700+45"]

1. d4 Nf6 2. Nf3 e6 3. Bg5 d5 4. e3 Nbd7 5. Ne5 c5 6. c3 h6 7. Bh4 g5 8. Bg3 Ne4
9. Qf3 Ndf6 10. Nd2 Nxd2 11. Kxd2 Ne4+ 12. Ke1 f6 13. Bb5+ Ke7 14. Ng6+ Kf7 15.
Nxh8+ Kg7 16. Ng6 Kxg6 17. Bd3 f5 18. Bxe4 dxe4 19. Qd1 Qb6 20. Qb3 Bd7 21. Qxb6
axb6 22. b3 cxd4 23. cxd4 Bb4+ 24. Ke2 Bb5+ 25. Kd1 Rc8 26. Rc1 Ra8 27. a4 Bd3
28. Rc7 Ba6 29. f4 exf3 30. gxf3 Rd8 31. a5 bxa5 32. Be1 Bd6 33. Bxa5 Bxc7 34.
Bxc7 Rc8 35. Be5 Rc3 36. Kd2 Rxb3 37. h4 Rd3+ 38. Kc2 Rxe3 39. f4 g4 40. Kd2 Rh3
41. h5+ Kxh5 42. Rg1 g3 43. Ke3 Kg4 44. Bd6 g2+ 45. Kf2 Bf1 46. Rxg2+ Bxg2 47.
Kxg2 Rd3 48. Be5 b5 49. Kf2 b4 50. Ke2 Rh3 51. Kd2 b3 52. Kc1 Rh2 53. Kb1 h5
{White resigns} 0-1

[Event "Team 45 45 League T49"]
[Site "Internet Chess Club"]
[Date "2011.05.11"]
[Round "1"]
[White "Morovon23"]
[Black "qlwqznzn"]
[Result "1-0"]
[WhiteElo "2320"]
[BlackElo "2402"]
[Opening "King's Indian: orthodox, Aronin-Taimanov, 9.Ne1"]
[ECO "E98"]
[Time "20:10:30"]
[TimeControl "2700+45"]

1. d4 Nf6 2. Nf3 g6 3. c4 Bg7 4. Nc3 d6 5. e4 O-O 6. Be2 e5 7. O-O Nc6 8. d5 Ne7
9. Ne1 Nd7 10. Be3 f5 11. f3 f4 12. Bf2 g5 13. Rc1 Rf7 14. Nd3 Ng6 15. c5 Nf6
16. cxd6 cxd6 17. a4 h5 18. Nb5 g4 19. Qc2 Ne8 20. b4 Bh6 21. Rb1 Rg7 22. Qd2
Kh7 23. Qe1 Qg5 24. fxg4 hxg4 25. g3 Bd7 26. Rc1 Qh5 27. Bd1 fxg3 28. Bxg3 Bxc1
29. Nxc1 a6 30. Nc3 Qg5 31. Nd3 Nf6 32. Be2 Nh5 33. Nb2 Qe3+ 34. Kh1 Nxg3+ 35.
Qxg3 Qxg3 36. hxg3 Rc8 37. Rc1 Rh8 38. Nc4 Kg8+ 39. Kg2 Rgh7 40. Rg1 Rh3 41.
Nxd6 Nf4+ 42. gxf4 Rxc3 43. fxe5 g3 44. Bf3 Bg4 45. Kxg3 Bxf3 46. Kf4+ Kf8 47.
e6 Rh7 48. Rg3 Rh4+ 49. Ke5 Rg4 50. Rh3 Re3 51. Kf6 Kg8 52. Nf5 Rf4 53. Rg3+ Kh8
54. d6 Rexe4 55. d7 Rd4 56. e7 Rd6+ 57. Ke5 Rxf5+ 58. Kxd6 Rd5+ 59. Kc7 {Black
resigns} 1-0

[Event "Team 45 45 League T49"]
[Site "Internet Chess Club"]
[Date "2011.05.12"]
[Round "1"]
[White "BigPun21"]
[Black "ElCreyente"]
[Result "1/2-1/2"]
[WhiteElo "2175"]
[BlackElo "2191"]
[Opening "Sicilian: Sozin with ...a6 and ...b5"]
[ECO "B87"]
[Time "11:08:33"]
[TimeControl "2700+45"]

1. e4 c5 2. Nf3 d6 3. d4 cxd4 4. Nxd4 Nf6 5. Nc3 a6 6. Bc4 e6 7. Bb3 b5 8. Bg5
Be7 9. Qf3 Qc7 10. e5 Bb7 11. exd6 Bxd6 12. Qe3 Bc5 13. O-O-O Nc6 14. Bxf6 gxf6
15. Ne4 Bxd4 16. Rxd4 Nxd4 17. Nxf6+ Kf8 18. Qxd4 Rd8 19. Qh4 h6 20. c3 Qe5 21.
Nh7+ Ke8 22. Nf6+ Kf8 23. Nh7+ Ke8 {Game drawn by mutual agreement} 1/2-1/2

[Event "Team 45 45 League T49"]
[Site "Internet Chess Club"]
[Date "2011.05.16"]
[Round "1"]
[White "MikeA"]
[Black "procyk"]
[Result "1-0"]
[WhiteElo "2235"]
[BlackElo "2127"]
[Opening "Caro-Kann: exchange, Rubinstein variation"]
[ECO "B13"]
[Time "21:13:23"]
[TimeControl "2700+45"]

1. e4 c6 2. d4 d5 3. exd5 cxd5 4. Bd3 Nc6 5. c3 Nf6 6. Bf4 Bg4 7. Qb3 Qc8 8. Nd2
e6 9. Ngf3 Be7 10. O-O O-O 11. Rfe1 Nh5 12. Be3 Bd6 13. h3 Bxf3 14. Nxf3 Qc7 15.
Qc2 h6 16. Rad1 Rac8 17. Qd2 Nf4 18. Bxf4 Bxf4 19. Qc2 Kh8 20. Kh1 Qd8 21. g3
Bd6 22. Kg2 Qf6 23. Qd2 g5 24. a3 Rg8 25. Rh1 h5 26. h4 g4 27. Ng5 Rg7 28. Rde1
Ne7 29. Re3 Nf5 30. Bxf5 Qxf5 31. Rf1 Re8 32. f3 Qg6 33. Qf2 f5 34. Rfe1 Rge7
35. fxg4 fxg4 36. Rf1 Kg7 37. a4 e5 38. a5 e4 39. Qf5 Qxf5 40. Rxf5 Rf8 41. Rxd5
Rf3 42. Nxf3 exf3+ 43. Kf2 Bxg3+ 44. Kxg3 Rxe3 45. Rxh5 Re2 46. Rg5+ Kh6 47.
Rxg4 Rxb2 48. Kxf3 Rb3 49. d5 Rxc3+ 50. Ke4 Rc4+ 51. Kf5 Rc5 52. Ke6 {Black
resigns} 1-0

[Event "Team 45 45 League T49"]
[Site "Internet Chess Club"]
[Date "2011.05.14"]
[Round "1"]
[White "xec"]
[Black "Kueh"]
[Result "1-0"]
[WhiteElo "2084"]
[BlackElo "2026"]
[Opening "Center game: Paulsen attack"]
[ECO "C22"]
[Time "05:53:31"]
[TimeControl "2700+45"]

1. e4 e5 2. d4 exd4 3. Qxd4 Nc6 4. Qe3 b6 5. Nc3 Bb4 6. Bd2 Nge7 7. O-O-O O-O 8.
Qg3 d6 9. f4 f5 10. Bc4+ Kh8 11. Nf3 fxe4 12. Nxe4 Nf5 13. Qf2 Bc5 14. Nxc5 bxc5
15. Ng5 Qf6 16. Rhe1 Rb8 17. Bc3 Nfd4 18. Bd5 Bd7 19. Bxc6 Bxc6 20. Ne6 Rf7 21.
Nxd4 cxd4 22. Rxd4 Qh6 23. g4 Rbf8 24. Bd2 Qh3 25. Rg1 Re7 26. Rd3 Qh6 27. f5
Qf6 28. Bc3 Qf7 29. Qh4 Kg8 30. Rh3 g6 31. fxg6 Qf4+ 32. Bd2 Qf1+ 33. Rxf1 Rxf1+
34. Be1 Rfxe1+ 35. Kd2 R1e2+ 36. Kc3 hxg6 37. Qh8+ Kf7 38. Rh7+ Ke6 39. Qg8+ Kd7
40. Rxe7+ Kxe7 41. Qc4 Re5 42. b4 Bd7 43. Qxc7 a5 44. a3 Re3+ 45. Kd4 Rxa3 46.
bxa5 Ke6 47. a6 Ra4+ 48. Kc3 Rxg4 49. a7 Ra4 50. Qb8 Bc6 51. Qb3+ Ke5 52. Qxa4
Bxa4 53. a8=Q Bd7 54. Qh8+ Kd5 {Black resigns} 1-0

[Event "Team 45 45 League T49"]
[Site "Internet Chess Club"]
[Date "2011.05.17"]
[Round "1"]
[White "pestka"]
[Black "Woss"]
[Result "1/2-1/2"]
[WhiteElo "2322"]
[BlackElo "2195"]
[Opening "English opening"]
[ECO "B38"]
[Time "16:30:29"]
[TimeControl "2700+45"]

1. c4 Nf6 2. Nc3 g6 3. e4 c5 4. Nf3 Bg7 5. d4 cxd4 6. Nxd4 Nc6 7. Be3 d6 8. Be2
O-O 9. O-O Bd7 10. Qd2 Ng4 11. Bxg4 Bxg4 12. f3 Nxd4 13. Bxd4 Bxd4+ 14. Qxd4 Be6
15. b3 Qa5 16. f4 f5 17. Rfe1 Rae8 18. e5 Qc5 19. Qxc5 dxc5 20. Kf2 {Game drawn
by mutual agreement} 1/2-1/2

[Event "Team 45 45 League T49"]
[Site "Internet Chess Club"]
[Date "2011.05.15"]
[Round "1"]
[White "Barbus"]
[Black "izit"]
[Result "0-1"]
[WhiteElo "2035"]
[BlackElo "2230"]
[Opening "Sicilian: Najdorf"]
[ECO "B90"]
[Time "15:00:46"]
[TimeControl "2700+45"]

1. e4 c5 2. Nf3 d6 3. d4 cxd4 4. Nxd4 Nf6 5. Nc3 a6 6. f3 e5 7. Nb3 Be6 8. Be3
Be7 9. Qd2 O-O 10. g4 d5 11. g5 d4 12. gxf6 Bxf6 13. Bxd4 exd4 14. Ne2 Nc6 15.
O-O-O Bxb3 16. axb3 a5 17. f4 a4 18. e5 axb3 19. cxb3 Be7 20. Kb1 Nb4 21. Qxd4
Qa5 22. Kc1 Rfd8 23. Qe4 Qa1+ 24. Qb1 Rxd1+ 25. Kxd1 Qxb1+ 26. Kd2 {White
resigns} 0-1

[Event "Team 45 45 League T49"]
[Site "Internet Chess Club"]
[Date "2011.05.13"]
[Round "1"]
[White "Jack-ONeill"]
[Black "egyptiantiger"]
[Result "1-0"]
[WhiteElo "2033"]
[BlackElo "2083"]
[Opening "English opening"]
[ECO "A16"]
[Time "16:00:33"]
[TimeControl "2700+45"]

1. c4 Nf6 2. Nc3 g6 3. g3 Bg7 4. Bg2 O-O 5. Nf3 d6 6. O-O e5 7. d3 c6 8. c5 Na6
9. cxd6 Qxd6 10. Bg5 h6 11. Bxf6 Qxf6 12. Rc1 Be6 13. Qa4 Qe7 14. Nd2 Rad8 15.
Nb3 Kh7 16. Na5 Qd7 17. Nxc6 bxc6 18. Qxa6 Bd5 19. Nxd5 cxd5 20. Rc5 e4 21. dxe4
dxe4 22. Bxe4 Qd4 23. Rc4 Qxb2 24. Bd3 Rd7 25. Rfc1 Bd4 26. Rc7 Bb6 27. Rc8 Rfd8
28. Rf1 Qf6 29. Qc4 Rxc8 30. Qxc8 Rd6 31. Be4 Qd4 32. Bf3 Rf6 33. Qc2 Rd6 34.
Qb3 Kg7 35. Kg2 h5 36. h4 Qd2 37. Qc4 Rd4 38. Qb3 Rd6 39. Rb1 Kg8 40. Qc4 Qd4
41. Qxd4 Rxd4 42. Rb2 Kf8 43. Rc2 Ke7 44. Bc6 f6 45. Bf3 Ke6 46. Rc6+ Ke7 47.
Rc2 Ke6 48. e3 Rd8 49. Rc6+ Kf7 50. Be2 Kg7 51. Rc2 Kf7 52. Bc4+ Ke7 53. Be2 Kf7
54. Rc6 Rd2 55. Kf3 Kg7 56. Bc4 g5 57. Re6 g4+ 58. Kg2 Kg6 59. Re8 f5 60. Re6+
Kg7 61. Kf1 Rc2 62. Bb3 Rd2 63. Re7+ Kg6 64. Re8 Kf6 65. Rg8 Ke5 66. Rg5 Ke4 67.
Rxh5 f4 68. gxf4 Kf3 69. Bd5+ {Black resigns} 1-0

[Event "Team 45 45 League T49"]
[Site "Internet Chess Club"]
[Date "2011.05.15"]
[Round "1"]
[White "Stryker672"]
[Black "Holzschlange"]
[Result "1-0"]
[WhiteElo "1979"]
[BlackElo "1826"]
[Opening "two knights: Max Lange attack, Marshall variation"]
[ECO "C55"]
[Time "16:00:23"]
[TimeControl "2700+45"]

1. e4 e5 2. Bc4 Nf6 3. d4 exd4 4. Nf3 Nc6 5. O-O Bc5 6. e5 d5 7. exf6 dxc4 8.
Re1+ Be6 9. Ng5 Qd5 10. Nc3 Qf5 11. Nce4 O-O-O 12. g4 Qe5 13. f4 Qd5 14. f5 gxf6
15. Nxc5 Qxc5 16. Ne4 Qb5 17. fxe6 f5 18. gxf5 Qxf5 19. Ng3 Rhg8 20. exf7 Qxf7
21. Rf1 Qd5 22. Qf3 Qc5 23. Qf5+ Qxf5 24. Rxf5 d3 25. cxd3 Nd4 26. Rf2 cxd3 27.
Bd2 h5 28. Kf1 h4 29. Nf5 Nxf5 30. Rxf5 h3 31. Rf2 Rg6 32. Bf4 d2 33. Rd1 {Black
resigns} 1-0

[Event "Team 45 45 League T49"]
[Site "Internet Chess Club"]
[Date "2011.05.16"]
[Round "1"]
[White "powerchess1"]
[Black "katikus"]
[Result "0-1"]
[WhiteElo "1718"]
[BlackElo "1662"]
[Opening "Queen's pawn, Mason variation, Steinitz counter-gambit"]
[ECO "D00"]
[Time "18:36:35"]
[TimeControl "2700+45"]

1. d4 d5 2. Bf4 c5 3. Nf3 cxd4 4. Nxd4 a6 5. Nc3 Nf6 6. h3 e6 7. a3 Bd6 8. Bg5
h6 9. Bxf6 Qxf6 10. e4 O-O 11. Nf3 Nc6 12. exd5 exd5 13. Qxd5 Bf5 14. O-O-O Bf4+
15. Kb1 Rad8 16. Qb3 Rxd1+ 17. Nxd1 Rd8 18. Be2 b5 19. Nc3 Be6 20. Ne4 Qf5 21.
Ng3 Bxg3 22. Qc3 Qd5 23. b3 Be5 24. Nxe5 Qxe5 25. Qxc6 Qxe2 26. Qxa6 Bf5 27. Rc1
Rc8 28. Ka1 Rxc2 29. Qa8+ Kh7 {White resigns} 0-1

[Event "Team 45 45 League T49"]
[Site "Internet Chess Club"]
[Date "2011.05.15"]
[Round "1"]
[White "AVEMARIA"]
[Black "Neoman"]
[Result "1-0"]
[WhiteElo "1739"]
[BlackElo "1609"]
[Opening "Scandinavian defense"]
[ECO "B01"]
[Time "12:00:52"]
[TimeControl "2700+45"]

1. e4 d5 2. exd5 Nf6 3. d4 Bg4 4. Be2 Bxe2 5. Nxe2 Qxd5 6. O-O Nc6 7. b3 O-O-O
8. c4 Qh5 9. Nbc3 Nxd4 10. Nxd4 Qxd1 11. Rxd1 e5 12. Nf3 Rxd1+ 13. Nxd1 e4 14.
Ng5 Bc5 15. Be3 Bxe3 16. Nxe3 Rf8 17. Rd1 h6 18. Nh3 c6 19. Nf4 g5 20. Ne2 Nd7
21. Nf5 h5 22. Nd6+ Kc7 23. Nxe4 f6 24. N2g3 h4 25. Nf5 Ne5 26. h3 b6 27. Rd6
Re8 28. Ng7 Nf3+ 29. gxf3 Rxe4 30. Rxc6+ Kxc6 31. fxe4 Kc5 32. Ne8 Kd4 33. f3 f5
34. exf5 Ke5 35. f6 Ke6 36. Nc7+ Kxf6 37. Nb5 a5 38. Kf2 Ke5 39. Ke3 Ke6 40. Ke4
Kf6 41. Nc3 Ke6 42. Nd5 {Black resigns} 1-0

[Event "Team 45 45 League T49"]
[Site "Internet Chess Club"]
[Date "2011.05.11"]
[Round "1"]
[White "redboot"]
[Black "losscause"]
[Result "1-0"]
[WhiteElo "1640"]
[BlackElo "1581"]
[Opening "Scandinavian defense"]
[ECO "B01"]
[Time "19:00:26"]
[TimeControl "2700+45"]

1. e4 d5 2. exd5 Nf6 3. Bb5+ Bd7 4. Be2 Nxd5 5. d4 e6 6. Nf3 Nc6 7. O-O Be7 8.
c4 Nf6 9. Nc3 O-O 10. Bf4 Bd6 11. Ne5 a6 12. Qd2 Bb4 13. Bf3 Be8 14. Nxc6 Bxc6
15. Bxc6 bxc6 16. Rad1 Ne4 17. Qd3 Nxc3 18. bxc3 Bd6 19. Qe4 Bxf4 20. Qxf4 Qd7
21. Rb1 Rab8 22. Rb3 Rxb3 23. axb3 Qd6 24. Qxd6 cxd6 25. Ra1 Ra8 26. Kf1 Kf8 27.
c5 d5 28. Ke2 Ke7 29. Kd3 Kd7 30. Ra4 Kc7 31. Kc2 Kb7 32. Rb4+ Kc7 33. Rb6 a5
34. Kb2 f6 35. b4 e5 36. b5 cxb5 37. Rxb5 exd4 38. cxd4 Rb8 39. Rxb8 Kxb8 40.
Kb3 Kb7 41. Ka4 Ka6 42. f3 f5 43. f4 h6 44. h3 h5 45. h4 g6 46. g3 Kb7 47. Kxa5
Kc6 48. Kb4 Kb7 49. Kb5 Kc7 50. c6 {Black resigns} 1-0

[Event "Team 45 45 League T49"]
[Site "Internet Chess Club"]
[Date "2011.05.11"]
[Round "1"]
[White "tightfist"]
[Black "julesraider"]
[Result "1/2-1/2"]
[WhiteElo "1369"]
[BlackElo "1523"]
[Opening "King's Indian: fianchetto, classical variation"]
[ECO "E67"]
[Time "18:28:13"]
[TimeControl "2700+45"]

1. c4 Nf6 2. Nc3 g6 3. d4 Bg7 4. g3 O-O 5. Bg2 d6 6. Nf3 Nbd7 7. O-O e5 8. Bg5
h6 9. dxe5 hxg5 10. exf6 Bxf6 11. Qd2 Nc5 12. Nd5 Bg7 13. Rab1 c6 14. Nb4 Bf5
15. Rbd1 Ne4 16. Qc1 a5 17. Nd3 Qe7 18. e3 g4 19. Nd4 Bd7 20. f3 gxf3 21. Bxf3
Bh3 22. Bg2 Bxg2 23. Kxg2 Bh6 24. Nf4 Nf6 25. Rfe1 Qe4+ 26. Kg1 Rad8 27. Qc2 Qe7
28. b3 Ne4 29. Qd3 Ng5 30. Kg2 Bg7 31. e4 Be5 32. Nf3 Kg7 33. Nxe5 dxe5 34. Qc3
Rxd1 35. Rxd1 f6 36. Nd3 Qe6 37. Nc5 Qh3+ 38. Kh1 Rf7 39. Qe3 Qg4 40. Re1 Kh8
41. Nd3 Rd7 42. Nf2 Qf3+ 43. Qxf3 Nxf3 44. Re3 Nd4 45. Kg2 Kg7 46. Rd3 Kf7 47.
Nd1 Ke6 48. Ne3 Rf7 49. Rd2 f5 50. exf5+ gxf5 51. Nc2 Nxc2 52. Rxc2 Rd7 53. Kf2
e4 54. Ke3 Rd3+ 55. Ke2 Ke5 56. Rd2 Rf3 57. Rd7 Rc3 58. Kd2 Rf3 59. Ke2 Rc3 60.
Kd2 Rf3 61. Ke2 {Game drawn by repetition} 1/2-1/2

[Event "Team 45 45 League T49"]
[Site "Internet Chess Club"]
[Date "2011.05.12"]
[Round "1"]
[White "misuc56"]
[Black "JFlamer"]
[Result "1-0"]
[WhiteElo "1899"]
[BlackElo "1803"]
[Opening "Queen's pawn game"]
[ECO "E00"]
[Time "17:00:28"]
[TimeControl "2700+45"]

1. d4 Nf6 2. c4 e6 3. e3 d5 4. Nf3 Nc6 5. Nc3 Be7 6. h3 Bd7 7. Bd2 a6 8. a3 dxc4
9. Bxc4 b5 10. Be2 Bd6 11. Rc1 h6 12. O-O O-O 13. Nh2 Nh7 14. f4 f5 15. Nf3 Nf6
16. Bd3 b4 17. axb4 Nxb4 18. Bb1 Rb8 19. Ne5 Nbd5 20. Nxd5 Nxd5 21. Qc2 Bxe5 22.
fxe5 Bb5 23. Rf3 Qh4 24. Be1 Qg5 25. Bf2 c6 26. Rg3 Qh5 27. Qd2 f4 28. Rg4 Qf7
29. Qc2 Qf5 30. e4 Qh7 31. exd5 Qxc2 32. Bxc2 cxd5 33. Be1 f3 34. gxf3 Rxf3 35.
Rg3 Rf1+ 36. Kg2 Rc8 37. Rc3 Rcf8 38. Bd3 Bxd3 39. Rxd3 Kh7 40. Rcd1 g5 41. Bg3
R1f7 42. R1d2 Rb7 43. Ra3 Rb6 44. Rf3 Rfb8 45. Rff2 Rb4 46. h4 g4 47. Bf4 Rb3
48. Rc2 R8b7 49. Bc1 Rf3 50. Rxf3 gxf3+ 51. Kxf3 Rb3+ 52. Rc3 Rxc3+ 53. bxc3 Kg6
54. Kg4 h5+ 55. Kf4 Kh6 56. Ba3 Kg6 57. Bb4 Kh6 58. Ba5 Kg6 59. Bd8 Kh6 60. Ke3
Kg6 61. Kd3 Kf7 62. c4 Ke8 63. Ba5 Kd7 64. cxd5 exd5 65. Ke3 Ke6 66. Kf4 Kf7 67.
Kg5 {Black resigns} 1-0

[Event "Team 45 45 League T49"]
[Site "Internet Chess Club"]
[Date "2011.05.13"]
[Round "1"]
[White "Zugzwanged"]
[Black "lookatall65sqas"]
[Result "1-0"]
[WhiteElo "1553"]
[BlackElo "1569"]
[Opening "French: exchange variation"]
[ECO "C01"]
[Time "18:00:34"]
[TimeControl "2700+45"]

1. e4 e6 2. d4 d5 3. exd5 exd5 4. Nf3 Bd6 5. Nc3 Ne7 6. Bd3 Bf5 7. Bxf5 Nxf5 8.
Nxd5 Bxh2 9. Nf4 Bxf4 10. Bxf4 Qe7+ 11. Kf1 Nc6 12. Qd3 Qf6 13. Re1+ Kd7 14.
Ne5+ Kc8 15. Nxc6 bxc6 16. Be5 Qg6 17. Qa6+ Kd7 18. Qd3 f6 19. Bf4 Ne7 20. Qc4
Nd5 21. Bg3 f5 22. Be5 Qe6 23. Qc5 Qf7 24. c4 Nb6 25. b3 Nc8 26. d5 Qg6 27. Rh3
f4 28. Bxf4 Rf8 29. Qxf8 {Black resigns} 1-0

[Event "Team 45 45 League T49"]
[Site "Internet Chess Club"]
[Date "2011.05.17"]
[Round "1"]
[White "Chess64655"]
[Black "mattphelps"]
[Result "1-0"]
[WhiteElo "1642"]
[BlackElo "1407"]
[Opening "Caro-Kann defense"]
[ECO "B10"]
[Time "15:02:44"]
[TimeControl "2700+45"]

1. e4 c6 2. Nf3 d5 3. exd5 cxd5 4. d4 Nc6 5. Bb5 Nf6 6. Nc3 Bf5 7. Bf4 e6 8. Ne5
Rc8 9. O-O Bd6 10. h3 O-O 11. Nxc6 bxc6 12. Bxd6 Qxd6 13. Bd3 Bxd3 14. Qxd3 Rfe8
15. Rfe1 Rb8 16. b3 Rb7 17. a4 Rbe7 18. Re3 e5 19. Rae1 exd4 20. Rxe7 Rxe7 21.
Rxe7 Qxe7 22. Qxd4 h6 23. Kf1 Qa3 24. Qd3 Qd6 25. Qf5 Qe6 26. Qd3 Ne4 27. Nxe4
Qxe4 28. Qxe4 dxe4 29. g4 g5 30. Ke2 Kg7 31. Ke3 Kg6 32. Kxe4 h5 33. b4 hxg4 34.
hxg4 Kf6 35. c4 Ke6 36. c5 Kd7 37. Kf5 a5 38. bxa5 Kc7 39. a6 Kb8 40. Kxg5 Ka7
41. Kf6 Kxa6 42. Kxf7 Ka5 43. g5 Kxa4 44. g6 Kb4 45. g7 Kxc5 46. g8=Q {Black
resigns} 1-0

[Event "Team 45 45 League T49"]
[Site "Internet Chess Club"]
[Date "2011.05.15"]
[Round "1"]
[White "Just-Jim"]
[Black "DrOMM"]
[Result "1-0"]
[WhiteElo "1361"]
[BlackElo "1331"]
[Opening "Sicilian defense"]
[ECO "B20"]
[Time "16:01:23"]
[TimeControl "2700+45"]

1. e4 c5 2. c4 Nf6 3. Nc3 d6 4. h3 g6 5. Nf3 Bg7 6. d3 O-O 7. Be2 Nc6 8. Be3 Qb6
9. Qb3 Qxb3 10. axb3 Nd7 11. O-O Nd4 12. Bg5 Re8 13. Nxd4 Bxd4 14. Nd5 h6 15.
Bxe7 Rxe7 16. Nxe7+ Kg7 17. Nxc8 Rxc8 18. Bg4 Rc7 19. Bxd7 Rxd7 20. Rxa7 Bxb2
21. f4 Bd4+ 22. Kh1 Be3 23. f5 gxf5 24. Rxf5 Kg6 25. Ra1 Rc7 26. Raf1 d5 27.
Rxd5 f5 {Black resigns} 1-0